MWL (24 & UNDER)
MINNESOTA DEATH STARS @ ERIE JAXX
09/15/2027
 
TOP OF THE 1ST
Minnesota Death Stars batting - Pitching for Erie Jaxx : LHP Scott McCullough
Pitching: LHP Scott McCullough
Batting: RHB William Robinson 0-0: Called Strike
0-1: Called Strike
0-2: Strikes out looking
Batting: RHB Raúl Flores 0-0: SINGLE (Groundball, 4D)
Batting: RHB Gabriel Ángel 0-0: Swinging Strike
0-1: Ball
1-1: Ball
2-1: Foul Ball, location: 2F
2-2: Strikes out swinging
Batting: RHB Mike Wagner 0-0: Swinging Strike
0-1: Called Strike
0-2: Ball
Pickoff Throw to First - Out!
Top of the 1st over - 0 run(s), 1 hit(s), 0 error(s), 0 left on base; Minnesota 0 - Erie 0
BOTTOM OF THE 1ST
Erie Jaxx batting - Pitching for Minnesota Death Stars : LHP Wessel Timmermans
Pitching: LHP Wessel Timmermans
Batting: LHB Kyle Robbins 0-0: Ball
1-0: Fly out, F3 (Line Drive, 3L)
Batting: SHB José Durango 0-0: Called Strike
0-1: Ball
1-1: SINGLE (Line Drive, 8LS)
Batting: RHB Andrés Silva 0-0: Ball
1-0: Foul Ball, location: 2F
1-1: Ball
2-1: Ball
3-1: Base on Balls
José Durango to second
Batting: SHB Michael Field 0-0: Ball
1-0: Ball
2-0: Foul Ball, location: 2F
2-1: Ball
3-1: Foul Ball, location: 2F
3-2: Base on Balls
José Durango to third
Andrés Silva to second
Batting: RHB Edgardo Castro 0-0: Grounds into double play, 6-4-3 (Groundball, 6)
Bottom of the 1st over - 0 run(s), 1 hit(s), 0 error(s), 2 left on base; Minnesota 0 - Erie 0
TOP OF THE 2ND
Minnesota Death Stars batting - Pitching for Erie Jaxx : LHP Scott McCullough
Batting: RHB Mike Wagner 0-0: Ball
1-0: Ball
2-0: Fly out, F8 (Flyball, 8LM)
Batting: LHB Shannon Hunter 0-0: Called Strike
0-1: Swinging Strike
0-2: Ball
1-2: Foul Ball, location: 2F
1-2: Ground out 4-3 (Groundball, 4S)
Batting: LHB Matt Ruskin 0-0: Ground out U3 (Groundball, 3)
Top of the 2nd over - 0 run(s), 0 hit(s), 0 error(s), 0 left on base; Minnesota 0 - Erie 0
BOTTOM OF THE 2ND
Erie Jaxx batting - Pitching for Minnesota Death Stars : LHP Wessel Timmermans
Batting: LHB Jim Knight 0-0: Ball
1-0: Called Strike
1-1: SOLO HOME RUN (Flyball, 89XD), Distance : 397 ft
Batting: RHB Ángel Serrano 0-0: Ball
1-0: Ball
2-0: Ground out 5-3 (Groundball, 5S)
Batting: RHB Alfredo Ramírez 0-0: Ball
1-0: Ground out 6-3 (Groundball, 6)
Batting: RHB Júlio Hernández 0-0: Foul Ball, location: 2F
0-1: Foul Ball, location: 2F
0-2: Foul Ball, location: 2F
0-2: Strikes out swinging
Bottom of the 2nd over - 1 run(s), 1 hit(s), 0 error(s), 0 left on base; Minnesota 0 - Erie 1
TOP OF THE 3RD
Minnesota Death Stars batting - Pitching for Erie Jaxx : LHP Scott McCullough
Batting: RHB Pat McDonald 0-0: Ball
1-0: Foul Ball, location: 2F
1-1: Swinging Strike
1-2: Strikes out swinging
Batting: RHB Vaughan Tillman 0-0: Called Strike
0-1: Foul Ball, location: 2F
0-2: Ball
1-2: Ball
2-2: Fly out, F8 (Flyball, 8RM)
Batting: LHB Júlio Córdova 0-0: Called Strike
0-1: Called Strike
0-2: Foul Ball, location: 2F
0-2: Ball
1-2: Foul Ball, location: 2F
1-2: Ball
2-2: Ground out 4-3 (Groundball, 4)
Top of the 3rd over - 0 run(s), 0 hit(s), 0 error(s), 0 left on base; Minnesota 0 - Erie 1
BOTTOM OF THE 3RD
Erie Jaxx batting - Pitching for Minnesota Death Stars : LHP Wessel Timmermans
Batting: LHB Kyle Robbins 0-0: Called Strike
0-1: Ball
1-1: Ball
2-1: Swinging Strike
2-2: Foul Ball, location: 2F
2-2: Ball
3-2: Base on Balls
Batting: SHB José Durango 0-0: Fly out, F9 (Flyball, 89M)
Batting: RHB Andrés Silva 0-0: Ball
1-0: Called Strike
1-1: Ball
2-1: Swinging Strike
2-2: Fielders Choice at 2nd, 2-4 (Groundball, 2L)
Batting: SHB Michael Field 0-0: Ball
1-0: Ball
2-0: Foul Ball, location: 2F
2-1: Ball
3-1: Base on Balls
Andrés Silva to second
Batting: RHB Edgardo Castro 0-0: Ball
1-0: Foul Ball, location: 2F
1-1: Ball
2-1: Ball
3-1: Base on Balls
Andrés Silva to third
Michael Field to second
Batting: LHB Jim Knight 0-0: Ground out U3 (Groundball, 34)
Bottom of the 3rd over - 0 run(s), 0 hit(s), 0 error(s), 3 left on base; Minnesota 0 - Erie 1
TOP OF THE 4TH
Minnesota Death Stars batting - Pitching for Erie Jaxx : LHP Scott McCullough
Batting: RHB William Robinson 0-0: Ball
1-0: Foul Ball, location: 2F
1-1: Called Strike
1-2: Ball
2-2: SINGLE (Line Drive, 9LS)
Batting: RHB Raúl Flores 0-0: Foul Ball, location: 2F
0-1: Hit by Pitch
William Robinson to second
Batting: RHB Gabriel Ángel 0-0: Called Strike
0-1: SINGLE (Line Drive, 89S)
William Robinson to third
Raúl Flores to second
Runner from 3rd tries for Home, SAFE, no throw
Batting: RHB Mike Wagner 0-0: Called Strike
0-1: DOUBLE (Flyball, 78D)
Raúl Flores scores
Gabriel Ángel to third
Batting: LHB Shannon Hunter 0-0: Ball
1-0: Ball
2-0: Foul Ball, location: 2F
2-1: Foul Ball, location: 2F
2-2: Foul Ball, location: 2F
2-2: Strikes out looking
Batting: LHB Matt Ruskin 0-0: Swinging Strike
0-1: Ball
1-1: Swinging Strike
1-2: Ball
2-2: Foul Ball, location: 2F
2-2: Strikes out looking
Batting: RHB Pat McDonald 0-0: Ball
1-0: Swinging Strike
1-1: Ground out 5-3 (Groundball, 5D)
Top of the 4th over - 2 run(s), 3 hit(s), 0 error(s), 2 left on base; Minnesota 2 - Erie 1
BOTTOM OF THE 4TH
Erie Jaxx batting - Pitching for Minnesota Death Stars : LHP Wessel Timmermans
Batting: RHB Ángel Serrano 0-0: Ball
1-0: Ball
2-0: Ball
3-0: Base on Balls
Batting: RHB Alfredo Ramírez 0-0: Ball
Wild Pitch!
Ángel Serrano to second
1-0: Swinging Strike
1-1: Ball
2-1: Fly out, F8 (Flyball, 8RS)
Batting: RHB Júlio Hernández 0-0: Foul Ball, location: 2F
0-1: Fly out, F4 (Popup, 4D)
Batting: LHB Kyle Robbins 0-0: Called Strike
0-1: Ball
1-1: Swinging Strike
1-2: Fly out, F8 (Line Drive, 78D)
Bottom of the 4th over - 0 run(s), 0 hit(s), 0 error(s), 1 left on base; Minnesota 2 - Erie 1
TOP OF THE 5TH
Minnesota Death Stars batting - Pitching for Erie Jaxx : LHP Scott McCullough
Batting: RHB Vaughan Tillman 0-0: Swinging Strike
0-1: Ball
1-1: Fly out, F4 (Line Drive, 4MD)
Batting: LHB Júlio Córdova 0-0: Ball
1-0: Ball
2-0: Ball
3-0: Called Strike
3-1: Called Strike
3-2: Foul Ball, location: 2F
3-2: Strikes out swinging
Batting: RHB William Robinson 0-0: Called Strike
0-1: Swinging Strike
0-2: Foul Ball, location: 2F
0-2: Ball
1-2: Strikes out looking
Top of the 5th over - 0 run(s), 0 hit(s), 0 error(s), 0 left on base; Minnesota 2 - Erie 1
BOTTOM OF THE 5TH
Erie Jaxx batting - Pitching for Minnesota Death Stars : LHP Wessel Timmermans
Batting: SHB José Durango 0-0: Ball
1-0: Ball
2-0: Called Strike
2-1: Swinging Strike
2-2: Strikes out swinging
Batting: RHB Andrés Silva 0-0: Called Strike
0-1: Ball
1-1: Ball
2-1: Ball
3-1: Foul Ball, location: 2F
3-2: Foul Ball, location: 2F
3-2: Foul Ball, location: 2F
3-2: SINGLE (Line Drive, 56)
Batting: SHB Michael Field 0-0: Grounds into double play, 5-4-3 (Groundball, 56)
Bottom of the 5th over - 0 run(s), 1 hit(s), 0 error(s), 0 left on base; Minnesota 2 - Erie 1
TOP OF THE 6TH
Minnesota Death Stars batting - Pitching for Erie Jaxx : LHP Scott McCullough
Batting: RHB Raúl Flores 0-0: DOUBLE (Line Drive, 89D)
Batting: RHB Gabriel Ángel 0-0: DOUBLE (Groundball, 5L)
Raúl Flores scores
Batting: RHB Mike Wagner 0-0: Ball
1-0: Foul Ball, location: 2F
1-1: Ball
2-1: Swinging Strike
2-2: Strikes out swinging
Pitching: LHP Todd Anderson
Batting: LHB Shannon Hunter 0-0: Ball
1-0: Called Strike
1-1: Foul Ball, location: 2F
1-2: Strikes out swinging
Batting: LHB Matt Ruskin 0-0: Fly out, F9 (Flyball, 9)
Top of the 6th over - 1 run(s), 2 hit(s), 0 error(s), 1 left on base; Minnesota 3 - Erie 1
BOTTOM OF THE 6TH
Erie Jaxx batting - Pitching for Minnesota Death Stars : LHP Wessel Timmermans
Batting: RHB Edgardo Castro 0-0: Ball
1-0: Fly out, F8 (Flyball, 8RM)
Batting: LHB Jim Knight 0-0: Ball
1-0: Ground out U3 (Groundball, 3)
Batting: RHB Ángel Serrano 0-0: Ball
1-0: SINGLE (Line Drive, 6MD)
Pitching: LHP José Sánchez
Batting: RHB Alfredo Ramírez 0-0: Called Strike
0-1: Swinging Strike
0-2: Foul Ball, location: 2F
0-2: Ball
1-2: Ground out 4-3 (Groundball, 34)
Bottom of the 6th over - 0 run(s), 1 hit(s), 0 error(s), 1 left on base; Minnesota 3 - Erie 1
TOP OF THE 7TH
Minnesota Death Stars batting - Pitching for Erie Jaxx : LHP Todd Anderson
Batting: RHB Pat McDonald 0-0: Ball
1-0: Foul Ball, location: 2F
1-1: Ball
2-1: Fly out, F7 (Line Drive, 7D)
Batting: RHB Vaughan Tillman 0-0: Ball
1-0: Ball
2-0: Called Strike
2-1: Foul Ball, location: 2F
2-2: Ball
3-2: Foul Ball, location: 2F
3-2: Base on Balls
Batting: LHB Júlio Córdova 0-0: Called Strike
0-1: Swinging Strike
0-2: Ball
1-2: Strikes out swinging
Batting: RHB William Robinson 0-0: SINGLE (Groundball, 4D)
Vaughan Tillman to second
Batting: RHB Raúl Flores 0-0: Ball
1-0: Ball
2-0: Fly out, F8 (Line Drive, 8RXD)
Top of the 7th over - 0 run(s), 1 hit(s), 0 error(s), 2 left on base; Minnesota 3 - Erie 1
BOTTOM OF THE 7TH
Erie Jaxx batting - Pitching for Minnesota Death Stars : LHP José Sánchez
Batting: RHB Júlio Hernández 0-0: Ground out 5-3 (Groundball, 5)
Batting: LHB Kyle Robbins 0-0: Fly out, F4 (Popup, 34D)
Batting: SHB José Durango 0-0: Called Strike
0-1: Swinging Strike
0-2: Foul Ball, location: 2F
0-2: Fly out, F9 (Flyball, 9LSF)
Bottom of the 7th over - 0 run(s), 0 hit(s), 0 error(s), 0 left on base; Minnesota 3 - Erie 1
TOP OF THE 8TH
Minnesota Death Stars batting - Pitching for Erie Jaxx : LHP Todd Anderson
Batting: RHB Gabriel Ángel 0-0: Ball
1-0: Ball
2-0: Called Strike
2-1: Foul Ball, location: 2F
2-2: Ball
3-2: Foul Ball, location: 2F
3-2: Strikes out looking
Batting: RHB Mike Wagner 0-0: DOUBLE (Line Drive, 89M)
Batting: LHB Shannon Hunter 0-0: Intentional Walk
Pinch Hitting: RHB Earl Godwin 0-0: Ball
1-0: SINGLE (Groundball, 3L) (infield hit)
Mike Wagner to third
Shannon Hunter to second
Batting: RHB Pat McDonald 0-0: Foul Ball, location: 2F
0-1: Ball
1-1: Ball
2-1: SINGLE (Groundball, 56)
Mike Wagner scores
Shannon Hunter to third
Earl Godwin to second
Batting: RHB Vaughan Tillman 0-0: Called Strike
0-1: Foul Ball, location: 2F
0-2: Grounds into fielders choice 6-2 (Groundball, 6S)
Earl Godwin to third
Pat McDonald to second
Pinch Hitting: RHB Christian Moss 0-0: Called Strike
0-1: Foul Ball, location: 2F
0-2: Ball
1-2: Foul Ball, location: 2F
1-2: Strikes out swinging
Top of the 8th over - 1 run(s), 3 hit(s), 0 error(s), 3 left on base; Minnesota 4 - Erie 1
BOTTOM OF THE 8TH
Erie Jaxx batting - Pitching for Minnesota Death Stars : LHP José Sánchez
Now at 3B: Octávio Ramos
Now at SS: Earl Godwin
Batting: RHB Andrés Silva 0-0: Called Strike
0-1: Swinging Strike
0-2: SINGLE (Line Drive, 8LS)
Pitching: RHP Tracy Key
Batting: SHB Michael Field 0-0: Foul Ball, location: 2F
0-1: Ball
1-1: Foul Ball, location: 2F
1-2: Ball
2-2: Ball
3-2: Base on Balls
Andrés Silva to second
Batting: RHB Edgardo Castro 0-0: Called Strike
0-1: Ball
1-1: Ball
2-1: Foul Ball, location: 2F
2-2: Grounds into double play, 6-4-3 (Groundball, 6)
Andrés Silva to third
Batting: LHB Jim Knight 0-0: Ball
1-0: Ball
2-0: Fly out, F5 (Popup, 5D)
Bottom of the 8th over - 0 run(s), 1 hit(s), 0 error(s), 1 left on base; Minnesota 4 - Erie 1
TOP OF THE 9TH
Minnesota Death Stars batting - Pitching for Erie Jaxx : LHP Todd Anderson
Batting: RHB William Robinson 0-0: Called Strike
0-1: Ball
1-1: Swinging Strike
1-2: Foul Ball, location: 2F
1-2: Strikes out swinging
Batting: RHB Raúl Flores 0-0: Called Strike
0-1: Ground out 4-3 (Groundball, 6MD)
Pitching: RHP Mauro Vásquez
Batting: RHB Gabriel Ángel 0-0: Ball
1-0: Fly out, F4 (Flyball, 4MD)
Top of the 9th over - 0 run(s), 0 hit(s), 0 error(s), 0 left on base; Minnesota 4 - Erie 1
BOTTOM OF THE 9TH
Erie Jaxx batting - Pitching for Minnesota Death Stars : RHP Tracy Key
Pitching: RHP Alfredo Cabral
Batting: RHB Ángel Serrano 0-0: Foul Ball, location: 2F
0-1: Swinging Strike
0-2: Strikes out swinging
Batting: RHB Alfredo Ramírez 0-0: Foul Ball, location: 2F
0-1: Ball
1-1: Swinging Strike
1-2: Ground out 6-3 (Groundball, 6)
Batting: RHB Júlio Hernández 0-0: Called Strike
0-1: Called Strike
0-2: Ball
1-2: SINGLE (Groundball, 6MD)
Batting: LHB Kyle Robbins 0-0: Swinging Strike
0-1: Swinging Strike
0-2: Ball
1-2: Ball
2-2: Ball
3-2: Foul Ball, location: 2F
3-2: SINGLE (Line Drive, 56D)
Júlio Hernández to second
Júlio Hernández to third
Batting: SHB José Durango 0-0: Called Strike
0-1: Ground out 4-3 (Groundball, 34)
Bottom of the 9th over - 0 run(s), 2 hit(s), 0 error(s), 2 left on base; Minnesota 4 - Erie 1
Thursday, March 30th, 2017 - OOTP Baseball 17.12 Build 75